 Dungeon Crawl Stone Soup version 0.29-a0-271-gd4eb659eea (webtiles) character file.

Game seed: 8275156331525701104

2920 freelancePsychic the Fighter (level 9, 0/77 HPs)
             Began as a Yellow Draconian Wanderer on Mar 8, 2022.
             Was a Follower of Hepliaklqana.
             Slain by a six-headed hydra (2 damage)
             ... on level 7 of the Dungeon.
             The game lasted 00:12:30 (6408 turns).

freelancePsychic the Fighter (DrWn)                 Turns: 6408, Time: 00:12:31

Health: 0/77       AC: 13    Str: 15    XL:     9   Next: 50%
Magic:  9/9        EV: 17    Int:  9    God:    Hepliaklqana [*.....]
Gold:   272        SH:  0    Dex: 18    Spells: 8/8 levels left

rFire   . . .      SeeInvis .   w - +9 whip of the Original Sin {freeze, rC+}
rCold   + . .      Faith    .   (no shield)
rNeg    . . .      Spirit   .   (body armour unavailable)
rPois   .          Reflect  .   (helmet restricted)
rElec   .          Harm     .   j - +1 cloak
rCorr   +          Rampage  .   b - +2 pair of gloves
Will    .....                   t - +0 pair of boots
Stlth   ++........              f - amulet of regeneration
HPRegen 1.02/turn               (no ring)
MPRegen 0.11/turn               (no ring)

@: short of breath
A: reduced essence, spit acid, AC +7, unfitting armour, cold-blooded, acid
resistance
a: Breathe Acid, Renounce Religion, Recall Ancestor, Ancestor Identity


You were on level 7 of the Dungeon.
You worshipped Hepliaklqana.
Hepliaklqana was aware of your devotion.
You visited 2 branches of the dungeon, and saw 8 of its levels.

You collected 272 gold pieces.

Inventory:

Hand Weapons
 a - a +1 quarterstaff
 n - a +0 morningstar
 q - a +0 scimitar
 w - the +9 whip of the Original Sin (weapon) {freeze, rC+}
   (You found it on level 5 of the Dungeon)

   It freezes those it strikes, dealing additional cold damage.
   It can also slow down cold-blooded creatures.
   rC:        It protects you from cold.
Missiles
 l - 2 curare-tipped darts (quivered)
 z - a throwing net
Armour
 b - a +2 pair of gloves (worn)
 j - a +1 cloak (worn)
 o - a +0 kite shield
 t - a +0 pair of boots (worn)
Jewellery
 f - an amulet of regeneration (around neck)
 A - a +4 ring of protection
Wands
 y - a wand of acid (2)
Scrolls
 i - 2 scrolls of magic mapping
 m - 2 scrolls of vulnerability
 B - a scroll of teleportation {unknown}
Potions
 c - a potion of haste {@q3}
 d - 2 potions of magic {unknown}
 e - a potion of berserk rage {unknown}
 g - a potion of degeneration {unknown}
 h - 3 potions of curing {unknown}
 k - 5 potions of ambrosia {unknown}
 p - a potion of attraction {unknown}
 r - a potion of cancellation {unknown}
 s - 3 potions of heal wounds {@q2}
 u - 2 potions of mutation {unknown}
 v - a potion of flight {unknown}
 x - a potion of invisibility {unknown}


   Skills:
 + Level 10.3 Fighting
 - Level 2.7 Long Blades
 - Level 4.4 Staves
 + Level 8.4 Dodging
 - Level 1.0 Evocations


You had 8 spell levels left.
You didn't know any spells.
Your spell library contained the following spells:

 Spells                   Type           Power      Damage    Failure   Level
 Magic Dart               Conj           0%         1d3       38%         1
 Shock                    Conj/Air       0%         1d3       38%         1
 Call Imp                 Summ           0%         N/A       52%         2
 Conjure Flame            Conj/Fire      0%         6-21      77%         3
 Gell's Gravitas          Tloc           0%         N/A       77%         3
 Ignite Poison            Fire/Tmut/Pois 0%         N/A       77%         3
 Mephitic Cloud           Conj/Pois/Air  0%         N/A       77%         3
 Swiftness                Air            0%         N/A       77%         3
 Airstrike                Air            0%         N/A       99%         4
 Animate Dead             Necr           0%         N/A       99%         4
 Sticky Flame             Conj/Fire      0%         2d3       99%         4
 Fireball                 Conj/Fire      0%         3d3       100%        5
 Starburst                Conj/Fire      0%         6d3       100%        6
 Haunt                    Necr/Summ      0%         N/A       100%        7
 Infestation              Necr           0%         N/A       100%        8


Dungeon Overview and Level Annotations

Branches:
Dungeon (7/15)             Temple (1/1) D:5

Altars:
Cheibriados
Dithmenos
Elyvilon
Fedhas
Gozag
Hepliaklqana
Kikubaaqudgha
Nemelex Xobeh
Okawaru
Qazlal
Ru
Sif Muna
Trog
Vehumet
Wu Jian
Xom
Yredelemnul
Zin

Annotations:
D:4 Dowan, Duvessa
D:6 1 runed translucent door, exclusion: 2 upstairs, Crazy Yiuf
D:7 Pikel


Innate Abilities, Weirdness & Mutations

Your life essence is reduced to manifest your ancestor. (-10% HP)
You can spit globs of acid.
Your golden yellow scales are hard. (AC +7)
You cannot fit into any form of body armour.
You are cold-blooded and may be slowed by cold attacks.
You are resistant to acid. (rCorr)


Message History

The six-headed hydra misses Liz 'Scales' Zard.
The six-headed hydra closely misses Liz 'Scales' Zard.
The six-headed hydra bites Liz 'Scales' Zard but does no damage.
The six-headed hydra bites Liz 'Scales' Zard!
The six-headed hydra bites Liz 'Scales' Zard but does no damage.
The six-headed hydra bites Liz 'Scales' Zard!
Liz 'Scales' Zard barely misses the six-headed hydra.
The six-headed hydra bites you! The six-headed hydra barely misses you.
The six-headed hydra bites you. The six-headed hydra misses you.
The six-headed hydra closely misses you.
The six-headed hydra misses you.
Liz 'Scales' Zard hits the six-headed hydra.
You whack the six-headed hydra! You freeze the six-headed hydra.
The six-headed hydra is heavily wounded.
The six-headed hydra bites you.
The six-headed hydra bites you but does no damage.
The six-headed hydra barely misses you.
The six-headed hydra closely misses you.
The six-headed hydra bites you! x2
Liz 'Scales' Zard hits the six-headed hydra.
You are too injured to fight recklessly!
You hit the six-headed hydra. You freeze the six-headed hydra.
The six-headed hydra is severely wounded.
The six-headed hydra bites you!
The six-headed hydra completely misses you.
The six-headed hydra misses you. The six-headed hydra bites you.
The six-headed hydra bites you!
The six-headed hydra bites you but does no damage.
Liz 'Scales' Zard hits the six-headed hydra.
You hit the six-headed hydra. You freeze the six-headed hydra.
The six-headed hydra is severely wounded.
The six-headed hydra bites you.
* * * LOW HITPOINT WARNING * * *
The six-headed hydra bites you but does no damage.
The six-headed hydra bites you!
* * * LOW HITPOINT WARNING * * *
The six-headed hydra bites you!
* * * LOW HITPOINT WARNING * * *
The six-headed hydra bites you.
You die...

#..#D# #.#.#.#.#.#
#..... .............
#...#.#.#.#.#.#.#.#.
#...................
#....#.#.#.#.#.#.#.#
#.....?............
#+#####+.#.#.#.#.#.#.#.
#......D...............
+.....@R..#.#.#.#.#.#..
#..##....#.............
#########)#...#####
................#
................#
................#
................#
................#
#...###..#####+##


You could see the friendly Liz 'Scales' Zard the ancestor and a six-headed hydra
(corroded, ally target).

Vanquished Creatures
  A manticore (D:6)
  Grinder (D:6)
  Eustachio (D:5)
  A steam dragon (D:7)
  2 vampire mosquitoes (D:5)
  Edmund (D:6)
  2 orc warriors
  An ice beast (D:6)
  An ogre (D:5)
  A phantom (D:4)
  2 lemures (D:7)
  Blork the orc (D:4)
  A bullfrog (D:7)
  4 scorpions
  4 hounds
  2 orc priests
  A jelly (D:5)
  An iguana (D:7)
  2 orc wizards
  7 gnolls (D:6)
  7 adders
  A white imp (D:6)
  4 dart slugs
  18 orcs
  2 endoplasms (D:1)
  6 giant cockroaches
  9 hobgoblins
  4 jackals (D:2)
  3 quokkas
  9 ball pythons
  6 bats
  3 frilled lizards
  5 goblins
  2 kobolds (D:1)
  6 rats
122 creatures vanquished.

Vanquished Creatures (collateral kills)
  Maggie (D:7)
  A water moccasin (D:6)
2 creatures vanquished.

Vanquished Creatures (others)
  An orc wizard (D:7)
1 creature vanquished.

Grand Total: 125 creatures vanquished

Notes
Turn   | Place    | Note
-------+----------+-------------------------------------------
     0 | D:1      | freelancePsychic the Draconian Wanderer began the quest for
                  | the Orb.
     0 | D:1      | freelancePsychic set off with the following items: a +1
                  | quarterstaff, a +2 pair of gloves, a potion of haste {@q3}
     0 | D:1      | Reached XP level 1. HP: 19/19 MP: 1/1
   177 | D:1      | Reached XP level 2. HP: 26/26 MP: 2/2
   421 | D:1      | Reached XP level 3. HP: 33/33 MP: 3/3
  1059 | D:2      | Reached skill level 4 in Fighting
  1142 | D:2      | Found a faded altar of an unknown god.
  1179 | D:2      | Reached XP level 4. HP: 20/40 MP: 4/4
  1875 | D:3      | Reached XP level 5. HP: 47/47 MP: 5/5
  2686 | D:4      | Got the Handbook of Translocation and the Volcanoes
  2792 | D:4      | Noticed a phantom
  3088 | D:4      | Reached skill level 5 in Fighting
  3094 | D:4      | Noticed Blork the orc
  3109 | D:4      | Killed Blork the orc
  3415 | D:4      | Reached XP level 6. HP: 16/56 MP: 6/6
  3812 | D:4      | Reached skill level 1 in Long Blades
  3972 | D:4      | Noticed Duvessa
  3972 | D:4      | Noticed Dowan
  4052 | D:5      | Entered Level 5 of the Dungeon
  4152 | D:5      | Reached skill level 6 in Fighting
  4266 | D:5      | Your scales start taking on a golden yellow colour.
  4266 | D:5      | Reached XP level 7. HP: 47/63 MP: 7/7
  4266 | D:5      | Gained mutation: You are resistant to acid. (rCorr) [Yellow
                  | Draconian growth]
  4452 | D:5      | Reached skill level 5 in Dodging
  4673 | D:5      | Found a staircase to the Ecumenical Temple.
  4803 | D:5      | Identified the +9 whip of the Original Sin {freeze, rC+}
  4892 | Temple   | Entered the Ecumenical Temple
  5196 | Temple   | Became a worshipper of Hepliaklqana the Forgotten
  5253 | D:6      | Noticed a manticore
  5332 | D:6      | Noticed a vampire mosquito
  5332 | D:6      | Noticed a vampire mosquito
  5333 | D:6      | Noticed Eustachio
  5350 | D:5      | Killed a vampire mosquito
  5351 | D:5      | Reached skill level 7 in Fighting
  5356 | D:5      | Killed a vampire mosquito
  5357 | D:5      | Reached XP level 8. HP: 46/73 MP: 8/8
  5430 | D:5      | Killed Eustachio
  5594 | D:6      | Found a runed translucent door.
  5595 | D:6      | Noticed Crazy Yiuf
  5612 | D:6      | Noticed Grinder
  5617 | D:6      | Paralysed by Grinder for 2 turns
  5628 | D:6      | Killed Grinder
  5629 | D:6      | Reached skill level 8 in Fighting
  5709 | D:6      | Noticed Edmund
  5721 | D:6      | Killed Edmund
  5805 | D:6      | Reached * piety under Hepliaklqana
  5906 | D:6      | Reached skill level 9 in Fighting
  5936 | D:6      | Killed a manticore
  5937 | D:6      | Reached XP level 9. HP: 75/75 MP: 9/9
  6137 | D:7      | Noticed Maggie
  6157 | D:7      | Killed Maggie
  6158 | D:7      | Reached skill level 10 in Fighting
  6225 | D:7      | Noticed Pikel
  6396 | D:7      | Noticed a six-headed hydra
  6408 | D:7      | HP: 2/77 [six-headed hydra (7)]
  6408 | D:7      | Slain by a six-headed hydra

Illustrated notes

Levels and vault maps discovered:
D:1:      lightli_arrival_boilingwater, layout_loops_ring,
          chequers_serial_rivers_micro_a
D:2:      layout_basic, hellmonk_ecumenical_altar_zigzags
D:3:      layout_basic
D:4:      layout_basic, uniq_blork_the_orc, uniq_duvessa
D:5:      layout_loops_ring, minmay_temple_entry_enclosed_plants
D:6:      layout_gridville, chequers_serial_rivers_micro_c,
          chequers_serial_rivers_micro_b, uniq_crazy_yiuf_cottage, uniq_grinder,
          uniq_eustachio, uniq_edmund
D:7:      layout_gridville, hex_large, kennysheep_generic_room_12, uniq_joseph,
          uniq_pikel, uniq_maggie
Temple:   mainiacjoe_temple_big_plus

Skill      XL: |  1  2  3  4  5  6  7  8  9 |
---------------+----------------------------+-----
Staves         | 4 |  4.4
Fighting       | 4 5 6 7 9 10 | 10.3
Dodging        | 3 4 5 7 8 |  8.4
Long Blades    | 2 |  2.7
Evocations     | |  1.0

Action                   |  1- 3 |  4- 6 |  7- 9 || total
-------------------------+-------+-------+-------++-------
Melee: Quarterstaff      |   104 |   141 |    22 ||   267
       Tailslap          |     7 |    20 |    19 ||    46
       Whip              |       |       |   134 ||   134
       Punch             |       |       |     2 ||     2
Throw: Dart              |       |     2 |     6 ||     8
Invok: Ancestor Identity |       |       |     1 ||     1
 Abil: Breathe Acid      |       |       |    12 ||    12
Evoke: Wand              |       |       |     1 ||     1
  Use: Scroll            |       |     4 |     2 ||     6
 Stab: Sleeping          |     1 |     1 |       ||     2
       Distracted        |     1 |       |     2 ||     3
Armor: Skin              |    43 |    48 |    66 ||   157
Dodge: Dodged            |    57 |    89 |   160 ||   306

Table legend: (Time is in decaauts)
 A = Elapsed time spent in this place.
 B = Non-inter-level travel time spent in this place.
 C = Inter-level travel time spent in this place.
 D = Time resting spent in this place.
 E = Time spent auto-exploring this place.
 F = Levels seen in this place.
 G = Mean time per level.
                   A        B        C        D        E       F      G
               +--------+--------+--------+--------+--------+-----+--------+
         Total |   6436 |   5852 |    584 |    263 |   4439 |   8 |  804.5 |
       Dungeon |   6101 |   5548 |    553 |    263 |   4190 |   7 |  871.6 |
        Temple |    334 |    304 |     30 |      0 |    249 |   1 |  334.0 |
               +--------+--------+--------+--------+--------+-----+--------+

Top non-repeatable levels by time:
     D:4: 1296 daAuts
     D:3: 1109 daAuts
     D:5: 1016 daAuts
     D:1: 874 daAuts
     D:2: 797 daAuts
     D:6: 734 daAuts
  Temple: 334 daAuts
     D:7: 273 daAuts
